 Seeded DCSS version 0.29-a0-378-gc08b2e8bf8 (webtiles) character file.

Game seed: 20220502 (custom seed)

240 klau3 the Slasher (level 5, -3/45 HPs)
             Began as a Minotaur Gladiator on May 4, 2022.
             Slain by a lemure (5 damage)
             ... led by Pikel
             ... on level 4 of the Dungeon.
             The game lasted 00:10:20 (3419 turns).

klau3 the Slasher (Minotaur Gladiator)              Turns: 3419, Time: 00:10:21

Health: -3/45      AC: 10    Str: 18    XL:     5   Next: 79%
Magic:  0/4        EV:  8    Int:  5    God:
Gold:   189        SH:  4    Dex: 14    Spells: 4/4 levels left

rFire   + . .      SeeInvis .   a - +0 long sword
rCold   x . .      Faith    .   q - +0 buckler
rNeg    . . .      Spirit   +   l - +0 chain mail
rPois   .          Reflect  .   c - +1 hat
rElec   .          Harm     .   (no cloak)
rCorr   .          Rampage  .   (no gloves)
Will    .....                   (no boots)
Stlth   ..........              s - amulet of guardian spirit
HPRegen 0.15/turn               o - ring of fire
MPRegen 0.09/turn               (no ring)

@: no status effects
A: horns 2, retaliatory headbutt
a: no special abilities


You were on level 4 of the Dungeon.
You visited 1 branch of the dungeon, and saw 4 of its levels.

You collected 189 gold pieces.

Inventory:

Hand Weapons
 a - a +0 long sword (weapon)
 p - a +0 falchion
Missiles
 d - a throwing net (quivered)
 e - a javelin
Armour
 b - a +0 leather armour
 c - a +1 hat (worn)
 i - a +0 ring mail
 l - a +0 chain mail (worn)
 q - a +0 buckler (worn)
Jewellery
 o - a ring of fire (left hand)
 s - an amulet of guardian spirit (around neck)
 t - the amulet "Jafae" {-Tele rF+ Regen+ Dex+2}
   (You found it on level 4 of the Dungeon)

   [amulet of regeneration]

   Dex:       It affects your dexterity (+2).
   rF:        It protects you from fire.
   -Tele:     It prevents most forms of teleportation.
   Regen:     It increases your rate of health regeneration.
Scrolls
 g - a scroll of identify
 h - a scroll of amnesia
Potions
 f - 2 potions of flight
 j - a potion of degeneration {unknown}
 k - 4 potions of curing {unknown}
 n - a potion of might {unknown}
 r - a potion of brilliance {unknown}


   Skills:
 + Level 3.3 Fighting
 + Level 5.6 Long Blades
 + Level 2.1 Throwing
 + Level 2.9 Armour
 + Level 4.0 Dodging
 + Level 0.4 Stealth
 + Level 1.9 Shields


You had 4 spell levels left.
You didn't know any spells.
Your spell library contained the following spells:

 Spells                   Type           Power      Damage    Failure   Level
 Foxfire                  Conj/Fire      0%         2x1d4     100%        1
 Conjure Flame            Conj/Fire      0%         6-21      100%        3
 Inner Flame              Hex/Fire       0%         N/A       100%        3
 Flame Wave               Conj/Fire      0%         2d4       100%        4


Dungeon Overview and Level Annotations

Branches:
Dungeon (4/15)
 Temple: D:4-7

Altars:
Uskayaw

Annotations:
D:4 Pikel


Innate Abilities, Weirdness & Mutations

You have a pair of horns on your head.
You reflexively headbutt those who attack you in melee.


Message History

The lemure completely misses you. You furiously retaliate!
You headbutt the lemure. You block the lemure's attack.
You slash the lemure! Your headbutt misses the lemure.
The lemure is heavily wounded.
Pikel hits you with a +1 whip of freezing.
Pikel freezes you. The lemure hits you. x2
The lemure hits you but does no damage.
You hit the lemure but do no damage. Your headbutt misses the lemure.
The lemure is heavily wounded.
Pikel hits you but does no damage. You block the lemure's attack.
The lemure hits you. x2
* * * LOW HITPOINT WARNING * * *
As you read the scroll of fog, it crumbles to dust.
The scroll dissolves into smoke.
Pikel hits you with a +1 whip of freezing.
* * * LOW HITPOINT WARNING * * *
Pikel freezes you.
* * * LOW HITPOINT WARNING * * *
The lemure barely misses you. The lemure hits you but does no damage.
The lemure hits you.
* * * LOW HITPOINT WARNING * * *
You hit the lemure but do no damage. Your headbutt misses the lemure.
The lemure is heavily wounded.
Pikel hits you with a +1 whip of freezing.
* * * LOW HITPOINT WARNING * * *
Pikel freezes you.
* * * LOW HITPOINT WARNING * * *
The lemure hits you but does no damage. You block the lemure's attack.
The lemure hits you but does no damage.
You slash Pikel!
Pikel is moderately wounded.
Pikel hits you with a +1 whip of freezing.
* * * LOW HITPOINT WARNING * * *
Pikel freezes you.
* * * LOW HITPOINT WARNING * * *
The lemure barely misses you. You furiously retaliate!
You headbutt the lemure!
The lemure hits you but does no damage. x2
As you read the scroll of fog, it crumbles to dust.
The scroll dissolves into smoke.
You block Pikel's attack. The lemure hits you.
You die...

.##...##.†).............
..#.#.#.#.)...>..........
....#.#.......##...##...#
..#.#.#.#.....#######...##
.##...##.....#....#.....#
...#####......##...#...>.#
.........#....##§§.#.....#
........+......#5#§#.....+
........#......5@K5#..<..#
........#.....§#5#§#.....#
#..##...#......§§§.#.><..#
### ##
##.....###..###..#########
####### #..# #..##..##...
'...(#...........
.#....#...........
..#....#.........#. ..
#....#.........#≈


You could see Pikel and 4 lemures.

Vanquished Creatures
  A hound (D:4)
  An iguana (D:4)
  An orc wizard (D:3)
  Robin (D:2)
  4 adders
  An ufetubus (D:4)
  A worm (D:2)
  3 dart slugs
  12 orcs
  9 ball pythons
  7 endoplasms
  5 giant cockroaches
  11 goblins
  7 hobgoblins
  3 quokkas (D:2)
  4 bats
  4 frilled lizards
  6 kobolds
  3 rats
84 creatures vanquished.

Vanquished Creatures (others)
  A fungus (D:1)
  2 plants (D:1)
3 creatures vanquished.

Grand Total: 87 creatures vanquished

Notes
Turn   | Place    | Note
-------+----------+-------------------------------------------
     0 | D:1      | klau3 the Minotaur Gladiator began the quest for the Orb.
     0 | D:1      | Reached XP level 1. HP: 18/18 MP: 0/0
   325 | D:1      | Reached XP level 2. HP: 25/25 MP: 1/1
   350 | D:1      | Found a faded altar of an unknown god.
   443 | D:1      | Reached skill level 4 in Long Blades
   725 | D:1      | You fall into a shaft and drop 1 floor!
   741 | D:2      | Reached XP level 3. HP: 22/30 MP: 2/2
   898 | D:2      | Noticed Robin
  1553 | D:2      | Killed Robin
  1568 | D:2      | Reached skill level 1 in Armour
  1691 | D:2      | Reached XP level 4. HP: 37/37 MP: 3/3
  2493 | D:3      | Reached skill level 5 in Long Blades
  2554 | D:3      | Reached XP level 5. HP: 11/45 MP: 1/4
  3215 | D:4      | Reached skill level 1 in Shields
  3366 | D:4      | Identified the amulet "Jafae" {-Tele rF+ Regen+ Dex+2}
  3372 | D:4      | Found a hide-covered altar of Uskayaw.
  3393 | D:4      | Noticed a lemure
  3393 | D:4      | Noticed Pikel
  3396 | D:4      | Noticed a lemure
  3396 | D:4      | Noticed a lemure
  3396 | D:4      | Noticed a lemure
  3418 | D:4      | HP: 2/45 [Pikel/+1 whip of freezing (1)]
  3419 | D:4      | Slain by a lemure

Illustrated notes

Levels and vault maps discovered:
D:1:      psy_arrival_conway, layout_loops_ring,
          shapermc_ecumenical_altar_mp_urbaneastern
D:2:      layout_loops_cross, nrook_mini_backslash, uniq_robin
D:3:      layout_basic
D:4:      layout_gridville, lemuel_crystal_altar, tso_metal_star,
          minmay_misc_feat_chi, minmay_parallelograms, kennysheep_nub,
          minmay_checkerbox, uniq_pikel

Skill      XL: |  1  2  3  4  5 |
---------------+----------------+-----
Long Blades    | 4 5 |  5.6
Dodging        | 4 |  4.0
Armour         | 1 2 |  2.9
Fighting       | 3 |  3.3
Shields        | 1 |  1.9
Throwing       | |  2.1
Stealth        | |  0.4

Action                   |  1- 3 |  4- 6 || total
-------------------------+-------+-------++-------
Melee: Long sword        |    93 |   117 ||   210
       Headbutt          |    12 |    14 ||    26
Throw: Throwing net      |     1 |     3 ||     4
  Use: Scroll            |     3 |     7 ||    10
       Potion            |       |     1 ||     1
 Stab: Sleeping          |     1 |       ||     1
Armor: Ring mail         |     3 |       ||     3
       Chain mail        |    54 |   118 ||   172
Dodge: Dodged            |    54 |    80 ||   134
Block: Buckler           |       |    40 ||    40

Table legend: (Time is in decaauts)
 A = Elapsed time spent in this place.
 B = Non-inter-level travel time spent in this place.
 C = Inter-level travel time spent in this place.
 D = Time resting spent in this place.
 E = Time spent auto-exploring this place.
 F = Levels seen in this place.
 G = Mean time per level.
                   A        B        C        D        E       F      G
               +--------+--------+--------+--------+--------+-----+--------+
         Total |   3449 |   3392 |     57 |    313 |   1757 |   4 |  862.2 |
       Dungeon |   3449 |   3392 |     57 |    313 |   1757 |   4 |  862.2 |
               +--------+--------+--------+--------+--------+-----+--------+

Top non-repeatable levels by time:
     D:2: 1333 daAuts
     D:1: 925 daAuts
     D:3: 843 daAuts
     D:4: 346 daAuts
